 Dungeon Crawl Stone Soup version 0.32-a0-42-ga30500b4d3 (webtiles) character file.

Game seed: 11453676259457809759

139890 Newt the Warrior (level 17, -4/111 HPs)
             Began as a Kobold Hunter on Jan 30, 2024.
             Was the Champion of Hepliaklqana.
             Slain by a death yak (17 damage)
             ... led by Polyphemus
             ... on level 2 of the Shoals.
             The game lasted 00:33:12 (24679 turns).

Newt the Warrior (Kobold Hunter)                   Turns: 24679, Time: 00:33:12

Health: -4/111     AC: 37    Str: 20    XL:     17   Next: 90%
Magic:  14/14      EV: 27    Int: 12    God:    Hepliaklqana [******]
Gold:   1961       SH:  0    Dex: 29    Spells: 16/16 levels left

rFire   . . .        C - -1 triple crossbow (flame)
rCold   . . .        (shield currently unavailable)
rNeg    + . .        y - +11 crystal plate armour {ponderous}
rPois   .            z - +1 hat
rElec   .            U - +0 cloak of Areoweun {-Tele *Slow rN+ Str+6}
rCorr   .            A - +0 pair of gloves
SInv    +            H - +0 pair of boots
Will    +....        u - amulet of the acrobat Stlth
                     S - ring of Nemelex Xobeh's Envy {MP-9 Str+4 Slay+4 SInv}
HPRegen 0.38/turn    F - +6 ring of dexterity
MPRegen 0.14/turn

%: no teleportation, slow self (1%), acrobat
@: acrobatic, slowed, very slow
A: reduced essence, small, no large weapons, nightstalker 3
a: Renounce Religion, Recall Ancestor, Ancestor Identity, Transference, Idealise


You were on level 2 of the Shoals.
You worshipped Hepliaklqana.
Hepliaklqana was exalted by your worship.
You visited 5 branches of the dungeon, and saw 25 of its levels.
You also visited: Sewer.

You collected 2151 gold pieces.
You spent 190 gold pieces at shops.

Inventory:

Hand Weapons
 a - a +1 shortbow of draining
 C - a -1 triple crossbow of flaming (weapon)
Missiles
 j - 4 throwing nets
Armour
 c - a +0 leather armour
 e - a +2 cloak of poison resistance
 y - a +11 crystal plate armour of ponderousness (worn)
 z - a +1 hat (worn)
 A - a +0 pair of gloves (worn)
 G - a +0 troll leather armour
 H - a +0 pair of boots (worn)
 Q - a +2 leather armour of fire resistance
 U - the +0 cloak of Areoweun (worn) {-Tele *Slow rN+ Str+6}
   (You found it on level 2 of the Lair of Beasts)

   Str+6:     It affects your strength (+6).
   rN+:       It protects you from negative energy.
   -Tele:     It prevents most forms of teleportation.
   *Slow:     It may slow you when you take damage.
Jewellery
 g - a +4 ring of protection
 s - a ring of protection from cold
 t - a ring of poison resistance
 u - an amulet of the acrobat (around neck)
 F - a +6 ring of dexterity (right hand)
 L - a ring of protection from cold
 P - a ring of wizardry
 S - the ring of Nemelex Xobeh's Envy (left hand) {MP-9 Str+4 Slay+4 SInv}
   (You found it on level 1 of the Lair of Beasts)

   [ring of slaying]

   Str+4:     It affects your strength (+4).
   Slay+4:    It affects your accuracy & damage with ranged weapons and melee
   (+4).
   MP-9:      It affects your magic capacity (-9).
   SInv:      It lets you see invisible.
 X - an amulet of magic regeneration
Wands
 n - a wand of flame (30)
 w - a wand of roots (6)
 J - a wand of paralysis (35)
 K - a wand of digging (4)
Scrolls
 b - 3 scrolls of butterflies
 f - 4 scrolls of poison
 h - 7 scrolls of teleportation
 p - 5 scrolls of fear
 v - 2 scrolls of vulnerability
 B - 7 scrolls of fog
 I - a scroll of brand weapon
 R - a scroll of revelation
Potions
 d - 2 potions of cancellation
 i - 4 potions of magic
 k - a potion of invisibility
 l - 3 potions of curing
 m - a potion of mutation
 o - 2 potions of might
 q - 3 potions of resistance
 r - 3 potions of degeneration
 x - 3 potions of lignification
 D - a potion of ambrosia
 E - 6 potions of attraction
 M - 3 potions of brilliance
 N - a potion of berserk rage
 O - 4 potions of heal wounds
 V - 3 potions of haste
 W - 2 potions of enlightenment
Miscellaneous
 T - a condenser vane (inert)


   Skills:
 + Level 19.8 Fighting
 - Level 17.1 Ranged Weapons
 * Level 11.4 Armour
 - Level 9.3 Dodging
 - Level 1.3 Stealth
 - Level 9.0 Invocations
 - Level 11.7 Evocations


You had 16 spell levels left.
You didn't know any spells.
Your spell library contained the following spells:

 Spells                   Type           Power      Damage    Failure   Level
 Cigotuvi's Dreadful Rot  Necr/Alch/Air  0%         N/A       100%        2
 Ensorcelled Hibernation  Hex/Ice        0%         N/A       100%        2
 Hailstorm                Conj/Ice       0%         3d5       100%        3
 Inner Flame              Hex/Fire       0%         N/A       100%        3
 Ozocubu's Armour         Ice            0%         N/A       100%        3
 Passwall                 Erth           0%         N/A       100%        3
 Summon Ice Beast         Ice/Summ       0%         N/A       100%        3
 Swiftness                Air            0%         N/A       100%        3
 Cause Fear               Hex            0%         N/A       100%        4
 Dispel Undead            Necr           0%         3d6       100%        4
 Manifold Assault         Tloc           0%         N/A       100%        4
 Martyr's Knell           Necr/Summ      0%         N/A       100%        4
 Fireball                 Conj/Fire      0%         3d3       100%        5
 Metabolic Englaciation   Hex/Ice        0%         N/A       100%        5
 Death Channel            Necr           0%         N/A       100%        6
 Dispersal                Tloc           0%         N/A       100%        6
 Sculpt Simulacrum        Ice/Alch       0%         N/A       100%        6
 Disjunction              Tloc           0%         N/A       100%        8
 Dragon's Call            Summ           0%         N/A       100%        9


Dungeon Overview and Level Annotations

Branches:
Dungeon (15/15)            Temple (1/1) D:6            Lair (5/5) D:9
 Shoals (2/4) Lair:3       Spider (0/4) Lair:3        Slime (0/5) Lair:4
    Orc (2/2) D:12            Elf (0/3) Orc:2        Vaults (0/5) D:13
 Depths (0/4) D:15          Sewer (visited)

Altars:
Ashenzari
Cheibriados
Dithmenos
Elyvilon
Fedhas
Gozag
Hepliaklqana
Kikubaaqudgha
Makhleb
Nemelex Xobeh
Okawaru
Qazlal
Ru
Sif Muna
Trog
Uskayaw
Vehumet
Wu Jian
Xom
Yredelemnul
Zin
The Shining One

Shops:
D:4 ?   D:5 *   D:8 *   D:13 [   D:15 :   Orc:1 [   Orc:2 *!*(


Innate Abilities, Weirdness & Mutations

Your life essence is reduced to manifest your ancestor. (-10% HP)
You are small and have problems with some larger weapons.
You are completely attuned to the shadows.


Message History

The death yak gores you but does no damage.
Ealdgyð hits Polyphemus with a +0 broad axe of flaming!
Ealdgyð burns Polyphemus.
Ealdgyð hits the death yak with a +0 broad axe of flaming.
Ealdgyð burns the death yak.
The catoblepas breathes a plume of calcifying dust at you.
The blast of calcifying dust hits you!
* * * LOW HITPOINT WARNING * * *
The death yak closely misses you.
Polyphemus throws a large rock.
The large rock completely misses you.
The large rock hits the death yak!!
Ealdgyð completely misses Polyphemus.
Ealdgyð hits the death yak with a +0 broad axe of flaming!
Ealdgyð burns the death yak.
The catoblepas gores you but does no damage.
Polyphemus throws the catoblepas at you!
The death yak closely misses you.
The death yak is no longer petrified.
The catoblepas breathes a plume of calcifying dust at you.
The blast of calcifying dust hits you but does no damage.
Polyphemus throws a large rock.
The large rock completely misses you. The death yak completely misses you.
Ealdgyð hits Polyphemus with a +0 broad axe of flaming!!
Ealdgyð burns Polyphemus.
Polyphemus dies!
You hear a splash.
Ealdgyð hits the death yak with a +0 broad axe of flaming.
Ealdgyð burns the death yak.
The catoblepas completely misses you. The death yak gores you!
* * * LOW HITPOINT WARNING * * *
The death yak is engulfed in calcifying dust.
The death yak is moving more slowly.
The catoblepas breathes a plume of calcifying dust at you.
The blast of calcifying dust hits you but does no damage.
Ealdgyð hits the death yak with a +0 broad axe of flaming.
Ealdgyð burns the death yak.
The catoblepas misses you.
The death yak is engulfed in calcifying dust.
The death yak stops moving altogether!
The death yak is engulfed in calcifying dust.
The death yak is moving more slowly.
The death yak gores you!
You die...

~~~~~~~~~~~~~...?†.
≈~~~~~~~~~~~~~......
~~~~......~~~~~.....
~~~~.........~~.....
≈~~.....<###...~~......
≈§......## #...~~...##.
~~~.....####.#.~~~.##..
.~≈§~Y.........~~..####
~~≈~§Y@......~~~~.##
≈≈≈≈.Y####.~≈≈~....##
≈≈≈≈R§# #<~~....~...
~~≈≈~.# #.~≈...~~...
.§~§.## ##.~~)~~~~~~
§~~~.. #)~~)≈≈≈≈~~
~..~.Y# #.)≈≈≈≈≈~~
~~~§~~. ..~~≈≈≈~ ~,
#..~~~≈≈


You could see the friendly Ealdgyð the knight, 2 death yaks and a catoblepas.

Vanquished Creatures
  Jorgrun (D:14)
  Rupert (D:15)
  Agnes (D:15)
  Gastronok (D:10)
  Nessos (D:12)
  A merfolk impaler (Shoals:1)
  A fire dragon (D:15)
  Josephine (Orc:1)
  An ice dragon (D:15)
  An ogre mage (D:15)
  4 centaur warriors
  3 hydras (Lair:5)
  2 boulder beetles
  8 death yaks
  8 two-headed ogres
  Sonja (Lair:4)
  A skyshark (Shoals:1)
  A sea snake (Shoals:2)
  A swamp dragon (Lair:5)
  An orb spider (Lair:3)
  An arcanist (D:13)
  2 lindwurms (Lair:5)
  A deep elf pyromancer (D:13)
  3 orc knights (Orc:2)
  23 ugly things
  3 fauns (Shoals:2)
  A necromancer (D:13)
  4 oklob plants
  7 manticores
  A cyclops (D:13)
  2 elephants (Lair:4)
  A black mamba (shapeshifter) (D:14)
  2 kobold blastminers (Orc:2)
  3 black mambas
  4 torpor snails (Lair:5)
  10 cane toads
  A gargoyle (D:12)
  2 kobold demonologists (D:14)
  10 komodo dragons
  10 rime drakes
  An ice devil (Lair:1)
  8 trolls
  2 tyrant leeches (Lair:5)
  2 polar bears (Lair:1)
  2 dream sheep (Lair:5)
  A wind drake (Shoals:1)
  5 hornets (Lair:5)
  21 blink frogs
  12 slime creatures
  Sigmund (D:3)
  A shadow (D:11)
  4 wyverns
  A water elemental (Shoals:1)
  30 yaks
  A vampire (D:12)
  3 basilisks
  2 wraiths
  A steam dragon (D:9)
  9 vampire mosquitoes
  2 wargs (Orc:2)
  A death yak simulacrum (Lair:1)
  4 acid dragons
  12 water moccasins
  Duvessa (D:6)
  A swamp drake (Lair:5)
  3 sky beasts
  2 black bears (Lair:2)
  25 orc warriors
  A crocodile (Sewer)
  3 ogres (Orc:2)
  7 wolves
  25 centaurs
  5 kobold brigands
  3 gnoll sergeants
  7 bullfrogs
  An entropy weaver simulacrum (Lair:1)
  A scorpion (D:4)
  5 wights
  Dowan (D:6)
  4 killer bees
  6 howler monkeys
  3 electric eels (D:9)
  2 crimson imps (D:11)
  6 orc priests
  3 bombardier beetles
  7 hounds
  A jelly (D:7)
  2 sleepcaps
  Crazy Yiuf (D:3)
  Terence (D:3)
  Natasha (D:3)
  6 iguanas
  10 orc wizards
  14 gnolls
  9 adders
  A naga simulacrum (Lair:1)
  2 shadow imps (D:7)
  4 white imps
  A dart slug (D:4)
  2 ribbon worms
  46 orcs
  12 bats
  7 endoplasms
  6 giant cockroaches
  12 goblins
  7 hobgoblins
  5 jackals (Sewer)
  21 kobolds
  3 quokkas
  9 ball pythons
  4 frilled lizards
  4 rats
570 creatures vanquished.

Vanquished Creatures (collateral kills)
  Polyphemus (Shoals:2)
  A fire dragon (Lair:5)
  A hydra (Lair:3)
  Erolcha (D:11)
  3 centaur warriors
  A two-headed ogre (D:10)
  2 death yaks (Lair:5)
  An orc high priest (Orc:2)
  2 skysharks
  A lindwurm (Lair:4)
  A faun (Shoals:2)
  An ugly thing (D:15)
  A deep elf pyromancer (D:13)
  An orc knight (Orc:2)
  An oklob plant (Lair:4)
  2 manticores
  Maurice (Orc:2)
  An ice statue (Lair:1)
  An elephant (Lair:4)
  A black mamba (Lair:3)
  2 torpor snails (Lair:5)
  2 cane toads
  A komodo dragon (Lair:5)
  A tengu conjurer (D:13)
  A tyrant leech (Lair:5)
  2 hornets (Lair:5)
  3 polar bears
  2 wind drakes
  2 slime creatures
  2 blink frogs
  8 dream sheep (Lair:5)
  A vampire (D:12)
  A spriggan (Lair:2)
  4 wraiths
  2 wyverns
  A yak (shapeshifter) (D:15)
  19 yaks
  2 wargs (Orc:2)
  2 vampire mosquitoes
  A steam dragon (Lair:5)
  A death yak simulacrum (Lair:1)
  3 water moccasins
  8 orc warriors
  5 centaurs
  6 wolves
  A kobold brigand (D:9)
  2 bullfrogs
  A killer bee (D:9)
  2 electric eels (D:9)
  A crimson imp (D:11)
  A howler monkey (D:11)
  An orc priest (Orc:2)
  A hound (D:9)
  3 orc wizards
  A gnoll (D:12)
  A naga simulacrum (Lair:1)
  16 orcs
  2 goblins (D:8)
  2 kobolds
142 creatures vanquished.

Vanquished Creatures (others)
  13 knights
  4 ancestors
  An orc (D:9)
  A kobold (D:9)
19 creatures vanquished.

Grand Total: 731 creatures vanquished

Notes
Turn   | Place    | Note
-------+----------+-------------------------------------------
     0 | D:1      | Newt the Kobold Hunter began the quest for the Orb.
     0 | D:1      | Reached XP level 1. HP: 12/12 MP: 1/1
   296 | D:1      | Reached XP level 2. HP: 14/18 MP: 2/2
   682 | D:2      | Reached XP level 3. HP: 17/22 MP: 3/3
   966 | D:2      | Reached skill level 3 in Fighting
   977 | D:2      | Reached XP level 4. HP: 28/28 MP: 4/4
  1685 | D:3      | Reached XP level 5. HP: 32/32 MP: 5/5
  1705 | D:3      | Noticed Terence
  1712 | D:3      | Killed Terence
  1737 | D:3      | Noticed Sigmund
  1749 | D:3      | Killed Sigmund
  1750 | D:3      | Reached skill level 4 in Fighting
  1750 | D:3      | Reached XP level 6. HP: 17/39 MP: 6/6
  1941 | D:3      | Found a runed translucent door.
  1944 | D:3      | Noticed Crazy Yiuf
  1954 | D:3      | Killed Crazy Yiuf
  2018 | D:3      | Found a faded altar of an unknown god.
  2052 | D:3      | Noticed Natasha
  2057 | D:3      | Killed Natasha
  2325 | D:4      | Reached XP level 7. HP: 44/44 MP: 7/7
  2362 | D:4      | Found a glowing drain.
  2371 | Sewer    | Entered a sewer
  2429 | Sewer    | Reached skill level 5 in Fighting
  2813 | D:4      | Found Axzysuf's Magic Scroll Emporium.
  2818 | D:4      | Bought a scroll of identify for 26 gold pieces
  3012 | D:4      | Got the Incunable of Snow and the Dragon
  3163 | D:4      | Reached skill level 10 in Ranged Weapons
  3240 | D:4      | You fall into a shaft and drop 1 floor!
  3240 | D:5      | Entered Level 5 of the Dungeon
  3337 | D:5      | Found Hiz Maox's Assorted Antiques.
  3429 | D:4      | Reached XP level 8. HP: 50/50 MP: 8/8
  3666 | D:5      | Found a glowing silver altar of Zin.
  3760 | D:5      | Reached skill level 6 in Fighting
  3931 | D:5      | Found a blossoming altar of Fedhas.
  4064 | D:5      | Reached skill level 5 in Dodging
  4584 | D:6      | Found a staircase to the Ecumenical Temple.
  4687 | Temple   | Entered the Ecumenical Temple
  4694 | Temple   | Became a worshipper of Hepliaklqana the Forgotten
  4775 | D:6      | Identified the +6 plate armour "Feczo" {rF- rN+ rCorr
                  | Dex+5}
  4834 | D:6      | Noticed Duvessa
  4835 | D:6      | Noticed Dowan
  4845 | D:6      | Killed Duvessa
  4848 | D:6      | Killed Dowan
  4858 | D:6      | Reached skill level 7 in Fighting
  4858 | D:6      | Reached XP level 9. HP: 37/57 MP: 9/9
  4946 | D:6      | Identified the +7 spear of Novuj {speed, rPois rF++}
  5811 | D:7      | Reached * piety under Hepliaklqana
  6756 | D:8      | Reached skill level 8 in Fighting
  6967 | D:8      | Reached skill level 1 in Armour
  7308 | D:8      | Reached XP level 10. HP: 58/58 MP: 10/10
  7442 | D:8      | Found Sorull's Lightly-Used Armoury.
  7455 | D:8      | Bought a -3 triple crossbow for 1 gold piece
  7737 | D:9      | Reached skill level 9 in Fighting
  8106 | D:9      | Reached skill level 5 in Armour
  8381 | D:9      | Reached ** piety under Hepliaklqana
  8382 | D:9      | Remembered your ancestor Ealdgyð as a knight
  8433 | D:9      | Found a staircase to the Lair.
  8673 | D:10     | Entered Level 10 of the Dungeon
  8856 | D:10     | Identified the +11 quarterstaff of Conformity {flame,
                  | Dex+4}
  8924 | D:10     | Reached skill level 10 in Fighting
  8952 | D:10     | Reached XP level 11. HP: 58/64 MP: 11/11
  9010 | D:10     | Noticed Gastronok
  9022 | D:10     | Killed Gastronok
  9317 | D:10     | Found an ornate altar of the Wu Jian Council.
  9410 | D:11     | Noticed a two-headed ogre
  9412 | D:11     | Noticed a two-headed ogre
  9418 | D:10     | Killed a two-headed ogre
  9419 | D:10     | Reached skill level 11 in Fighting
  9680 | D:11     | Noticed Erolcha
  9685 | D:11     | Killed Erolcha
  9710 | D:11     | Noticed a brown ugly thing
  9731 | D:11     | Killed a brown ugly thing
 10001 | D:11     | Killed a two-headed ogre
 10269 | D:11     | Reached XP level 12. HP: 72/72 MP: 12/12
 10513 | D:12     | Noticed a two-headed ogre
 10528 | D:12     | Killed a two-headed ogre
 10529 | D:12     | Reached skill level 12 in Fighting
 10673 | D:12     | Noticed Nessos
 10699 | D:12     | Reached *** piety under Hepliaklqana
 10736 | D:12     | Found a staircase to the Orcish Mines.
 11361 | D:12     | Killed Nessos
 11449 | D:13     | Noticed a two-headed ogre
 11456 | D:13     | Killed a two-headed ogre
 11464 | D:13     | Found a gate to the Vaults.
 11464 | D:13     | Noticed an arcanist
 11478 | D:13     | Reached skill level 13 in Fighting
 11479 | D:13     | Killed an arcanist
 11644 | D:13     | Noticed a centaur warrior
 11646 | D:13     | Reached XP level 13. HP: 52/79 MP: 13/13
 11648 | D:13     | Killed a centaur warrior
 11832 | D:13     | Reached skill level 15 in Ranged Weapons
 11963 | D:13     | Found Haicov's Antique Armour Boutique.
 12324 | D:13     | Noticed a centaur warrior
 12326 | D:13     | Killed a centaur warrior
 12476 | D:14     | Noticed Jorgrun
 12508 | D:14     | Reached skill level 14 in Fighting
 12528 | D:14     | Killed Jorgrun
 13078 | D:14     | Reached **** piety under Hepliaklqana
 13086 | D:14     | Reached skill level 1 in Evocations
 13263 | D:14     | Noticed a centaur warrior
 13266 | D:14     | Killed a centaur warrior
 13698 | D:14     | Reached XP level 14. HP: 86/86 MP: 14/14
 13787 | D:15     | Entered Level 15 of the Dungeon
 13800 | D:15     | Reached skill level 5 in Evocations
 13800 | D:15     | Found a broken altar of Ashenzari.
 13800 | D:15     | Noticed Agnes
 13832 | D:15     | Killed Agnes
 14241 | D:15     | Noticed Rupert
 14254 | D:15     | Killed Rupert
 14255 | D:15     | Reached skill level 15 in Fighting
 14314 | D:15     | Identified the +9 dagger "Elakonof" {freeze, ^Contam rElec
                  | Int+4}
 14738 | D:15     | Reached ***** piety under Hepliaklqana
 14955 | D:15     | Found a staircase to the Depths.
 15079 | D:15     | Reached skill level 10 in Evocations
 15363 | D:15     | Found Kunainig's Book Boutique.
 15585 | Lair:1   | Entered Level 1 of the Lair of Beasts
 16004 | Lair:1   | Reached skill level 16 in Fighting
 16074 | Lair:1   | Reached XP level 15. HP: 93/93 MP: 15/15
 16309 | Lair:1   | Identified the ring of Nemelex Xobeh's Envy {MP-9 Str+4
                  | Slay+4 SInv}
 16348 | Lair:1   | Reached skill level 1 in Invocations
 16998 | Lair:2   | Found a broken altar of Ashenzari.
 17086 | Lair:2   | Identified the +0 cloak of Areoweun {-Tele *Slow rN+ Str+6}
 17617 | Lair:3   | Reached skill level 5 in Invocations
 17632 | Lair:3   | Found a staircase to the Shoals.
 17951 | Lair:3   | You fall into a shaft and drop 1 floor!
 17960 | Lair:4   | Reached skill level 17 in Fighting
 18382 | Lair:3   | Found a hole to the Spider Nest.
 18690 | Lair:4   | Found a staircase to the Slime Pits.
 18814 | Lair:4   | Noticed Sonja
 18815 | Lair:4   | Killed Sonja
 19470 | Lair:4   | Reached XP level 16. HP: 100/100 MP: 11/22
 19581 | Lair:5   | Entered Level 5 of the Lair of Beasts
 19612 | Lair:5   | Reached XP level 17. HP: 37/107 MP: 10/23
 19879 | Lair:5   | Reached skill level 18 in Fighting
 20361 | Lair:5   | Reached skill level 19 in Fighting
 20978 | Lair:5   | Reached skill level 10 in Armour
 22008 | Orc:1    | Entered Level 1 of the Orcish Mines
 22020 | Orc:1    | Noticed Josephine
 22028 | Orc:1    | Killed Josephine
 22090 | Orc:1    | Found Zunwall's Antique Armour Emporium.
 22237 | Orc:2    | Entered Level 2 of the Orcish Mines
 22721 | Orc:2    | Reached ****** piety under Hepliaklqana
 22803 | Orc:2    | Found a staircase to the Elven Halls.
 22860 | Orc:2    | Found Wenuib's General Store.
 22860 | Orc:2    | Found Ungeenn's Distillery.
 22860 | Orc:2    | Found Rasot's Assorted Antiques.
 22861 | Orc:2    | Found Ugrerice's Weapon Shop.
 22866 | Orc:2    | Bought a potion of heal wounds for 65 gold pieces
 22866 | Orc:2    | Bought a potion of heal wounds for 65 gold pieces
 22868 | Orc:2    | Bought a scroll labelled SEEJOJ SOLAGH for 33 gold pieces
 23048 | Orc:2    | Noticed Maurice
 23049 | Orc:2    | Killed Maurice
 23332 | Shoals:1 | Entered Level 1 of the Shoals
 24669 | Shoals:2 | Noticed Polyphemus
 24678 | Shoals:2 | Killed Polyphemus
 24679 | Shoals:2 | Slain by a death yak

Illustrated notes

Levels and vault maps discovered:
D:1:      wander_arrival_lonely_grave, layout_loops_ring
D:2:      layout_basic
D:3:      layout_rooms, hellmonk_ecumenical_altar_arch_garden, roderic_batcave,
          uniq_terence, uniq_natasha, uniq_crazy_yiuf_cottage, uniq_sigmund
D:4:      layout_loops_corners, serial_shops, shop,
          mainiacjoe_sewer_entry_somewhere_in_here_2, minmay_misc_feat_alley
D:5:      layout_gridville, mainiacjoe_overflow_24_doors,
          fedhas_bush_and_centaur_altar, serial_shops, shop_fountains
D:6:      layout_loops_ring, temple_statues, uniq_duvessa
D:7:      layout_basic, chequers_serial_rivers_room_b
D:8:      corexii_shack_village, layout_gridville, minivault_26,
          dreamdust_deal_with_the_devil, minmay_shop_damaged
D:9:      layout_roguey, erik_lair_island, minmay_unpleasant_kobolds
D:10:     layout_basic, mainiacjoe_overflow_paths, uniq_gastronok
D:11:     layout_roguey, minmay_fire_ice_demons, uniq_erolcha
D:12:     layout_big_octagon, kennysheep_orc_monster_closet_entryway,
          uniq_nessos
D:13:     layout_long_grid, david_vaults_1, serial_shops, nicolae_stop_n_shop_1,
          chequers_serial_rivers_small_b
D:14:     layout_basic, uniq_jorgrun
D:15:     grunt_enter_depths_hoard, layout_gridville, serial_shops, shop,
          nicolae_figureground_sparkle, nicolae_ashenzari_skybound, uniq_agnes,
          uniq_rupert
Temple:   compressed_dpeg_triangle_lava_temple
Lair:1:   dreamdust_isle_of_ice, layout_chaotic_city, grunt_megastairs_2,
          lemuel_fruit_tree
Lair:2:   layout_roguey, basic_altar, grunt_forest_stairs_clearing
Lair:3:   layout_chaotic_city, minmay_shoals_entry_beasts,
          nicolae_spider_entry_orb_guardian
Lair:4:   layout_cave_shapes, minmay_slime_entry_oklob_enclosed, uniq_sonja
Lair:5:   wormcave, layout_misc_corridors, guppyfry_lair_end_dragon
Shoals:1: layout_shoals
Shoals:2: layout_shoals, uniq_ilsuiw, uniq_polyphemus, uniq_aizul
Orc:1:    layout_caves, serial_shops, shop, shop,
          nicolae_shop_just_a_little_nook, nicolae_shop_pleasant_corner_grove,
          uniq_josephine, uniq_urug
Orc:2:    st_orc_rangers, layout_caves, uniq_maurice

Skill      XL: |  1  2  3  4  5  6  7  8  9 10 11 12 13 14 15 16 17 |
---------------+----------------------------------------------------+-----
Ranged Weapons | 6 7 8 9 10 14 17 | 17.1
Fighting       | 3 4 5 7 8 10 11 13 14 16 17 19 | 19.8
Dodging        | 6 9 |  9.3
Armour         | 2 6 9 11 | 11.4
Evocations     | 4 11 | 11.7
Invocations    | 8 9 |  9.0
Stealth        | |  1.3

Action                     |  1- 3 |  4- 6 |  7- 9 | 10-12 | 13-15 | 16-18 || total
---------------------------+-------+-------+-------+-------+-------+-------++-------
   Fire: Shortbow          |    72 |   111 |   345 |   470 |       |       ||   998
         Triple crossbow   |       |       |       |    78 |   457 |   259 ||   794
 Invoke: Recall Ancestor   |       |       |     1 |     2 |     2 |     1 ||     6
         Ancestor Life: Kn |       |       |       |     1 |       |       ||     1
         Idealise          |       |       |       |       |       |     1 ||     1
  Evoke: Wand              |       |       |       |     8 |     2 |       ||    10
         Condenser vane    |       |       |       |       |       |     2 ||     2
    Use: Scroll            |     4 |     4 |    11 |     8 |    12 |     4 ||    43
         Potion            |       |     2 |       |     2 |     5 |     2 ||    11
 Armour: Leather armour    |     9 |    21 |    70 |    62 |       |       ||   162
         Troll leather arm |       |       |       |    76 |    81 |       ||   157
         Crystal plate arm |       |       |       |     6 |   143 |   332 ||   481
  Dodge: Dodged            |    20 |    39 |    90 |   382 |   292 |   204 ||  1027

Table legend: (Time is in decaauts)
 A = Elapsed time spent in this place.
 B = Non-inter-level travel time spent in this place.
 C = Inter-level travel time spent in this place.
 D = Time resting spent in this place.
 E = Time spent auto-exploring this place.
 F = Levels seen in this place.
 G = Mean time per level.
                   A        B        C        D        E       F      G
               +--------+--------+--------+--------+--------+-----+--------+
         Total |  25994 |  24644 |   1350 |   3870 |  16841 |  26 |  999.8 |
       Dungeon |  15784 |  14830 |    954 |   1881 |  10507 |  15 | 1052.3 |
        Temple |     14 |      1 |     13 |      0 |      0 |   1 |   14.0 |
          Lair |   7072 |   6757 |    315 |   1529 |   4155 |   5 | 1414.4 |
        Shoals |   1631 |   1614 |     17 |    449 |   1036 |   2 |  815.5 |
  Orcish Mines |   1338 |   1288 |     50 |     11 |   1028 |   2 |  669.0 |
         Sewer |    152 |    152 |      0 |      0 |    114 |   1 |  152.0 |
               +--------+--------+--------+--------+--------+-----+--------+

Top non-repeatable levels by time:
  Lair:5: 2051 daAuts
  Lair:4: 1760 daAuts
    D:15: 1699 daAuts
     D:7: 1444 daAuts
    D:14: 1391 daAuts
  Lair:1: 1378 daAuts
Shoals:1: 1266 daAuts
     D:8: 1242 daAuts
    D:13: 1093 daAuts
  Lair:3: 1072 daAuts
   Orc:2: 1055 daAuts
    D:11: 1048 daAuts
     D:4: 1046 daAuts
    D:12: 1045 daAuts
     D:5: 925 daAuts
